Map: Королевская бухта РВ

Players

ELESTRAGO - Winner!

  • Race: Terran Terran
  • League: Grandmaster
  • Spawn Location: 11:00

Nicoract

  • Race: Terran Terran
  • League: Grandmaster
  • Spawn Location: 5:00

VOD

Have the link to the VOD?

Description

Time

  • Played on: May 6, 2019, 9:19 a.m.
  • Length: 16:49
Show
View Real Time Build Order
Export as new Build Order

ELESTRAGO Terran - Winner!

Build Orders: 1/1/1, Cyclone Opening 

Get SALT Encoding   

  12  0:00  SCV  
  13  0:13  SCV  
  14  0:18  Supply Depot  
  14  0:25  SCV  
  15  0:29  Refinery  
  15  0:39  SCV  
  16  0:46  Barracks  
  16  0:51  SCV  
  16  0:55  Refinery  
  17  1:06  SCV  
  18  1:18  SCV  
  19  1:33  Factory  
  19  1:34  Orbital Command  
  19  1:37  Reaper  
  20  1:48  Supply Depot  
  20  1:59  SCV  
  21  2:09  Reaper  
  21  2:11  SCV  
  23  2:17  Hellion  
  23  2:22  Starport  
  25  2:26  SCV  
  26  2:39  Factory Tech Lab  
  26  2:41  Barracks Tech Lab, Supply Depot  
  26  2:48  SCV  
  27  2:59  Cyclone  
  27  3:00  SCV  
  31  3:06  Banshee  
  34  3:29  Command Center  
  34  3:31  SCV  
  35  3:37  Supply Depot  
  34  3:43  Barracks Reactor  
  33  3:52  SCV  
  34  4:02  Command Center, Raven  
  33  4:04  SCV  
  36  4:16  SCV  
  37  4:19  Siege Tank  
  37  4:20  Marine x2  
  42  4:24  Supply Depot  
  42  4:29  SCV  
  43  4:38  Marine x2  
  44  4:43  Refinery, SCV  
  46  4:46  Raven  
  48  4:56  Marine x2  
  48  4:59  SCV  
  51  5:01  Siege Tank  
  54  5:11  SCV  
  54  5:14  Orbital Command  
  52  5:21  Marine  
  52  5:22  Marine  
  52  5:26  SCV  
  55  5:32  Supply Depot  
  55  5:34  Siege Tank  
  58  5:38  SCV  
  58  5:40  SCV  
  60  5:45  Viking  
  60  5:46  Viking  
  64  5:50  SCV  
  64  5:52  SCV  
  66  5:57  Marine  
  66  5:58  Stimpack  
  66  6:02  SCV  
  66  6:04  Refinery, SCV  
  72  6:12  Supply Depot  
  72  6:16  Viking x2  
  73  6:19  SCV  
  73  6:20  SCV  
  75  6:26  Marine  
  75  6:31  Supply Depot  
  76  6:33  Siege Tank  
  76  6:34  Supply Depot  
  76  6:35  SCV x2  
  81  6:46  Viking x2  
  85  6:47  SCV  
  85  6:53  SCV  
  87  6:56  Supply Depot  
  87  6:59  Supply Depot  
  87  7:00  SCV  
  87  7:05  SCV  
  87  7:08  Cyclone  
  90  7:09  Marine  
  90  7:12  SCV  
  92  7:16  Viking x2  
  92  7:17  SCV  
  97  7:24  SCV  
  97  7:29  SCV  
  97  7:43  Siege Tank  
  90  7:46  Viking x2  
  94  7:54  Marine  
  93  7:58  Liberator  
  93  8:09  Liberator, SCV x2  
  95  8:13  Command Center, Barracks x2  
  95  8:15  Siege Tank  
  99  8:36  SCV x2  
  99  8:39  Engineering Bay x2  
  101  8:48  Marine, SCV x2  
  103  8:51  Supply Depot  
  103  9:06  Marine, SCV x2  
  103  9:07  Barracks Reactor  
  103  9:09  Barracks Reactor  
  106  9:11  Terran Infantry Weapons Level 1, Terran Infantry Armor Level 1  
  106  9:13  Barracks  
  106  9:15  Barracks  
  106  9:18  SCV x2  
  106  9:19  Siege Tank  
  106  9:21  Combat Shield  
  111  9:27  Refinery  
  111  9:28  Refinery  
  111  9:30  SCV x2  
  113  9:42  SCV  
  114  9:55  Marine  
  114  9:56  Siege Tank  
  114  9:59  SCV  
  94  10:00  Marine  
  94  10:02  Medivac x2  
  94  10:03  Marine x2  
  92  10:15  Marine  
  92  10:17  Barracks Tech Lab x2  
  92  10:18  SCV x2, Orbital Command  
  94  10:25  Missile Turret  
  94  10:26  Supply Depot  
  94  10:28  Siege Tank  
  97  10:30  Marine x4  
  97  10:33  Medivac x2  
  97  10:34  SCV x2  
  103  10:40  Marauder x2, Concussive Shells  
  107  10:44  Command Center  
  107  10:49  Marine  
  109  10:50  Marine, Marauder  
  109  10:51  Marine x2  
  109  10:56  Armory  
  113  11:05  Medivac x2  
  113  11:07  Siege Tank  
  113  11:09  Marauder x2  
  113  11:10  Marine  
  125  11:21  Marine x3  
  125  11:22  Marauder  
  130  11:28  Marine  
  130  11:30  Marauder  
  133  11:33  Marauder  
  133  11:39  Siege Tank  
  138  11:43  Marauder  
  138  11:44  Marine x3  
  138  11:46  Marine  
  143  11:49  Medivac x2  
  143  11:53  Starport  
  147  11:54  Supply Depot  
  147  11:55  Supply Depot  
  144  12:11  Siege Tank  
  144  12:12  Marine x2  
  144  12:13  Marine, Marauder x3  
  144  12:14  Marine  
  153  12:19  Medivac x2  
  136  12:30  Marine  
  136  12:34  Marauder  
  136  12:35  Marine x2, Marauder  
  136  12:36  Marine, Marauder  
  143  12:40  Refinery x2  
  143  12:41  Planetary Fortress, Barracks x2  
  143  12:43  Barracks  
  143  12:44  Supply Depot  
  143  12:45  SCV x3, Supply Depot  
  143  12:47  Terran Vehicle And Ship Armor Level 1  
  146  12:56  Starport Reactor, Marauder  
  148  13:11  Marine x3, Marauder x2  
  155  13:16  Marine  
  155  13:17  Marauder  
  153  13:28  Marine  
  153  13:32  Marine, Marauder x2  
  149  13:34  Marine  
  149  13:37  Barracks Tech Lab x3  
  149  13:38  Marine, Marauder  
  149  13:39  Viking x2  
  149  13:40  Viking  
  146  13:46  Marine  
  143  13:50  Marine  
  143  13:52  Marine  
  143  13:54  Marauder x2  
  143  13:56  Marine  
  143  14:00  Marauder  
  129  14:02  Liberator  
  129  14:03  Liberator  
  129  14:04  Marine  
  127  14:12  Marine  
  127  14:13  Marauder, Viking  
  127  14:14  Viking  
  127  14:15  Marauder x2  
  140  14:20  Marine x3  
  140  14:21  Marine, Marauder  
  146  14:34  Marauder  
  146  14:36  Marine, Marauder x2  
  153  14:39  Marauder x2  
  153  14:43  Marauder  
  159  14:45  Liberator x2  
  159  14:51  Marine  
  160  14:55  Marine, Viking  
  160  14:56  Marauder, Viking  
  160  14:58  Marine x2, Marauder  
  160  14:59  Marauder  
  173  15:00  Marine, Marauder  
  182  15:08  Liberator  
  182  15:23  Marine x2  
  182  15:24  Marauder  
  188  15:30  Viking  
  190  15:39  Marine  
  190  15:40  Marine, Marauder x2  
  190  15:42  Marine x2, Marauder  
  195  15:43  Marauder  
  195  15:44  Command Center  
  195  15:45  Marine, Viking  
  195  15:57  Marine x2  
  195  16:00  Marine x2  
  195  16:01  Marauder  
  195  16:02  Marauder  
  195  16:03  Marine, Marauder  
  195  16:04  Marine  
  193  16:06  Orbital Command  
  175  16:15  Marine x2  
  175  16:18  Marine x2  
  166  16:22  Marauder  
  166  16:23  Marauder  
  166  16:24  Marauder  
Show
View Real Time Build Order
Export as new Build Order

Nicoract Terran 

Build Orders: Mech 

Get SALT Encoding   

  12  0:00  SCV  
  13  0:13  SCV  
  14  0:18  Supply Depot  
  14  0:25  SCV  
  15  0:28  Refinery  
  15  0:39  SCV  
  16  0:45  Barracks  
  16  0:51  SCV  
  16  0:56  Refinery  
  17  1:03  SCV  
  18  1:16  SCV  
  19  1:32  Barracks Reactor, Orbital Command  
  19  1:37  Factory  
  19  1:50  Supply Depot  
  19  1:57  SCV  
  20  2:08  Reaper  
  20  2:09  SCV, Reaper  
  23  2:21  Hellion  
  25  2:31  Command Center  
  25  2:35  SCV  
  26  2:39  Supply Depot  
  26  2:44  Reaper  
  26  2:45  Reaper  
  26  2:51  Hellion  
  30  2:53  SCV  
  31  3:04  Starport  
  31  3:08  SCV  
  32  3:13  Factory Tech Lab  
  32  3:20  SCV  
  33  3:27  Refinery  
  33  3:31  Siege Tank  
  33  3:32  SCV  
  37  3:38  Refinery  
  37  3:45  SCV  
  38  3:50  Orbital Command  
  38  3:52  Viking  
  40  3:57  Viking  
  40  4:00  SCV  
  40  4:06  Cyclone  
  38  4:12  SCV  
  38  4:16  SCV  
  40  4:22  Viking  
  42  4:31  Viking  
  44  4:33  SCV x2  
  46  4:40  Siege Tank  
  49  4:49  Factory  
  49  4:53  Barracks Tech Lab  
  49  4:56  SCV x2  
  48  5:08  SCV  
  50  5:14  SCV  
  50  5:16  Siege Tank  
  50  5:20  SCV  
  54  5:24  Supply Depot  
  54  5:33  Viking x2  
  58  5:37  SCV  
  58  5:39  SCV  
  60  5:47  Siege Tank  
  63  5:54  Supply Depot  
  63  5:56  Siege Tank  
  66  6:00  SCV  
  68  6:09  Viking  
  70  6:14  SCV  
  70  6:15  SCV, Viking  
  73  6:30  Factory x2  
  73  6:34  SCV x2  
  73  6:37  Supply Depot  
  75  6:44  Siege Tank  
  78  6:55  Supply Depot  
  78  6:58  Siege Tank  
  81  7:05  Viking x2  
  81  7:08  SCV  
  86  7:13  Supply Depot  
  86  7:16  SCV  
  86  7:21  Factory Reactor x2  
  87  7:23  SCV  
  87  7:28  SCV  
  89  7:31  Siege Tank  
  90  7:45  SCV x2  
  92  7:58  Command Center  
  90  7:59  Armory  
  90  8:00  Viking  
  86  8:14  SCV x2  
  82  8:27  Siege Tank x2  
  84  8:40  Factory  
  84  8:41  Hellion x4, Armory, Supply Depot  
  92  8:48  Terran Vehicle Weapons Level 1  
  92  8:57  Refinery  
  92  8:58  Refinery  
  92  9:01  SCV x2  
  94  9:10  Supply Depot  
  94  9:11  Supply Depot  
  94  9:21  Thor  
  94  9:24  SCV x2  
  102  9:28  Orbital Command  
  102  9:31  Terran Vehicle And Ship Armor Level 1  
  102  9:33  Factory Tech Lab  
  102  9:35  Supply Depot  
  102  9:43  SCV x2  
  95  9:59  SCV x2  
  70  10:10  Siege Tank x2  
  70  10:11  Hellbat x3  
  79  10:20  SCV x2  
  79  10:24  Siege Tank, Hellbat  
  84  10:34  SCV x2  
  86  10:37  Infernal Pre-Igniter  
  86  10:41  SCV  
  87  10:43  Siege Tank x2  
  87  10:46  SCV x2, Hellbat  
  97  11:06  Siege Tank  
  97  11:10  Command Center  
  97  11:11  Hellbat x2  
  104  11:16  SCV  
  104  11:17  SCV, Engineering Bay  
  104  11:18  SCV  
  107  11:29  SCV  
  108  11:36  Refinery  
  108  11:38  Thor, Refinery  
  114  11:40  Siege Tank  
  114  11:41  Siege Tank  
  114  11:45  SCV x3  
  123  11:50  Hellbat x2  
  123  11:51  Hellbat  
  129  12:01  Missile Turret  
  129  12:02  Sensor Tower x2  
  119  12:17  Hellbat  
  119  12:18  SCV x2, Hellbat  
  107  12:30  Thor x2  
  119  12:40  Siege Tank, Hellbat x3  
  128  12:47  Planetary Fortress  
  128  12:53  Viking x2  
  132  12:59  SCV x3  
  132  13:04  Hellbat x2  
  132  13:05  Hellbat  
  141  13:06  Hellbat  
  141  13:08  Smart Servos  
  143  13:22  Hellbat x3  
  145  13:28  Hellbat x2  
  145  13:30  Hellbat x2  
  144  13:38  SCV x2  
  133  13:49  Viking x2  
  133  13:51  Siege Tank x2  
  133  13:53  SCV  
  133  13:54  Factory, SCV, Supply Depot  
  133  13:55  Factory  
  126  13:58  SCV x2  
  124  14:06  SCV x2  
  126  14:10  SCV x2  
  126  14:11  Hellion x3  
  132  14:35  Siege Tank x3  
  132  14:36  Hellion x2  
  132  14:37  Hellion x2  
  149  14:40  Armory  
  149  14:41  Supply Depot  
  149  14:42  Supply Depot  
  149  14:47  SCV  
  149  14:48  SCV x2  
  149  14:50  Factory Tech Lab  
  152  14:57  SCV  
  154  15:00  SCV x2  
  154  15:04  Factory Tech Lab  
  161  15:07  Hellion x4  
  161  15:09  Siege Tank x3  
  172  15:14  Refinery  
  172  15:23  Viking x2  
  176  15:40  Hellion x2  
  170  15:56  Orbital Command  
  164  15:58  Siege Tank  
  164  15:59  Viking  
  164  16:00  Viking  
  164  16:01  Hellion  
  159  16:07  Hellbat x2  
  142  16:24  Hellbat x2  
Tags
 
Add a new tag
Caveats
  • Supply blocks, unpowered buildings, or Contaminate may cause inaccurate times.
  • Supply counts are checked every 10 seconds.